Map: Newkirk Precinct TE (Void)

Players

SpeCial - Winner!

  • Race: Terran Terran
  • League: Grandmaster
  • Spawn Location: 7:00

PtitDrogo

  • Race: Protoss Protoss
  • League: Master
  • Spawn Location: 5:00

Event: NationWars IV

VOD

Have the link to the VOD?

Description

Time

  • Played on: Jan. 5, 2017, 2:38 p.m.
  • Length: 17:10

All games in this series

Show
View Real Time Build Order
Export as new Build Order

SpeCial Terran - Winner!

Build Orders: Reaper Expand, MMM Bio 

Get SALT Encoding   

  12  0:00  SCV  
  13  0:13  SCV  
  14  0:17  Supply Depot  
  14  0:25  SCV  
  15  0:29  Refinery  
  15  0:39  SCV  
  16  0:45  Barracks  
  16  0:51  SCV  
  17  1:03  SCV  
  18  1:15  SCV  
  19  1:33  Orbital Command, Reaper  
  20  1:44  Command Center  
  20  1:57  Factory  
  20  2:00  SCV  
  21  2:06  Barracks Reactor  
  21  2:09  Refinery  
  21  2:12  SCV  
  22  2:21  Supply Depot  
  22  2:24  SCV  
  23  2:41  Starport  
  23  2:43  Marine x2, SCV  
  26  2:47  Widow Mine  
  28  2:55  SCV  
  29  3:01  Marine x2  
  29  3:05  Orbital Command  
  30  3:10  SCV  
  31  3:19  Marine x2  
  33  3:21  Medivac  
  33  3:23  Widow Mine  
  33  3:26  SCV  
  38  3:30  SCV  
  39  3:35  Supply Depot  
  39  3:37  Marine  
  39  3:39  Marine  
  41  3:43  SCV x2  
  43  3:51  Viking  
  45  3:56  Widow Mine  
  45  3:57  Marine x2  
  45  3:59  SCV  
  45  4:00  SCV  
  51  4:12  Supply Depot  
  51  4:14  SCV  
  51  4:15  Marine, SCV  
  51  4:16  Marine  
  54  4:20  Supply Depot  
  54  4:32  Barracks  
  54  4:33  SCV x2  
  54  4:34  Factory Tech Lab  
  56  4:45  SCV x2  
  58  4:53  Barracks  
  58  4:55  Supply Depot  
  58  4:57  SCV  
  58  4:58  SCV  
  58  4:59  Engineering Bay  
  60  5:04  Marine x2  
  62  5:10  SCV x2, Refinery  
  62  5:12  Starport Tech Lab  
  62  5:13  Factory Reactor  
  64  5:19  Supply Depot  
  64  5:22  Marine x2, SCV x2  
  67  5:32  Marine  
  67  5:33  Stimpack  
  67  5:34  SCV x2  
  69  5:36  Terran Infantry Weapons Level 1  
  69  5:40  Marine x2  
  71  5:44  Starport Reactor  
  71  5:46  SCV x2  
  73  5:50  Marine, Supply Depot  
  74  5:58  Marine x2  
  74  6:02  Combat Shields, Marine  
  74  6:04  SCV x2  
  79  6:05  Supply Depot  
  79  6:06  Supply Depot  
  79  6:08  Marine  
  79  6:11  Widow Mine x2  
  80  6:13  Supply Depot  
  80  6:15  Marine  
  80  6:16  Marine  
  87  6:21  Marauder  
  87  6:22  Medivac  
  87  6:25  Medivac  
  92  6:26  Marauder  
  94  6:34  Marine x2  
  94  6:38  Supply Depot  
  94  6:39  Widow Mine x2  
  100  6:51  Command Center  
  100  6:52  Medivac, Refinery  
  102  6:55  Medivac  
  102  7:00  Marine x2  
  106  7:04  Marine x2  
  106  7:08  Barracks, Widow Mine x2  
  108  7:10  Liberator  
  108  7:13  Liberator  
  112  7:16  Barracks, SCV x2  
  112  7:19  Marine x2  
  116  7:35  Marauder x2  
  116  7:36  Widow Mine x2  
  113  7:37  Marine x2  
  113  7:38  SCV x2  
  121  7:50  Supply Depot  
  121  7:51  Terran Infantry Armor Level 1  
  121  7:52  Supply Depot  
  121  7:55  Marine x2, SCV x2  
  125  8:01  Supply Depot  
  125  8:02  Supply Depot  
  125  8:03  Marauder x2  
  129  8:07  Barracks Tech Lab, Barracks Reactor  
  128  8:12  Marine  
  128  8:15  Marine  
  124  8:24  Marauder  
  124  8:26  Marauder x2, Widow Mine x2  
  132  8:30  Marine  
  132  8:33  Marine, SCV x2  
  133  8:41  Orbital Command  
  133  8:45  SCV  
  133  8:46  Marauder  
  133  8:48  Marauder, Marine  
  132  8:51  Marine, SCV  
  132  8:52  Armory  
  132  8:54  Engineering Bay  
  133  8:57  SCV  
  133  8:58  Marine x2  
  133  8:59  Medivac x2  
  133  9:01  Marauder  
  133  9:04  SCV  
  133  9:06  Marine  
  133  9:08  SCV  
  133  9:09  Marine, SCV  
  138  9:16  SCV  
  139  9:17  Barracks  
  139  9:18  Barracks  
  139  9:20  SCV  
  139  9:21  Marauder, Marine x2  
  144  9:26  Supply Depot  
  144  9:29  Medivac x2  
  148  9:33  Widow Mine x2  
  149  9:44  Liberator x2  
  149  9:45  Concussive Shells  
  143  9:46  Marauder, Marine x2  
  145  9:54  Marauder, Marine  
  145  9:56  Marauder, Marine  
  148  10:03  Marine  
  148  10:04  Marine, Refinery  
  154  10:09  Terran Infantry Weapons Level 2  
  154  10:10  Terran Infantry Armor Level 2  
  146  10:16  Command Center, Barracks Tech Lab, Barracks Reactor  
  146  10:21  SCV x3  
  149  10:25  Marine  
  149  10:26  Marauder x2, Marine  
  153  10:29  Marauder, Marine  
  153  10:33  SCV  
  157  10:35  Refinery  
  157  10:37  Missile Turret  
  157  10:38  Marine  
  157  10:39  Marauder  
  158  10:49  Ghost Academy  
  158  10:52  Widow Mine x2  
  162  11:00  Marauder x2  
  160  11:08  Marine x6  
  160  11:09  Marauder x2  
  168  11:12  Medivac x2  
  171  11:21  Marauder, Marine  
  175  11:26  Marine  
  175  11:30  Ghost x2  
  178  11:38  Ghost  
  178  11:39  Starport  
  176  11:42  Viking x2  
  176  11:43  Missile Turret  
  176  11:46  Marine  
  181  11:50  Marine x3  
  181  11:51  Marauder  
  186  11:58  Marine  
  186  11:59  Marauder  
  189  12:10  Marauder, Marine  
  189  12:12  Viking x2  
  180  12:25  Planetary Fortress  
  170  12:33  Marine x2  
  170  12:34  Marauder, Marine  
  159  12:42  Viking x2  
  155  12:50  Marine x2  
  155  12:51  Marauder  
  154  12:54  Marine x2  
  154  12:55  Marauder  
  154  12:58  Marauder, Marine x2  
  145  13:02  Marauder  
  144  13:08  Marine x2  
  144  13:12  Marauder, Marine  
  137  13:14  Liberator x2  
  122  13:21  Marauder, Marine x2  
  122  13:24  Terran Infantry Weapons Level 3  
  122  13:25  Marauder, Marine x2  
  122  13:26  Marine  
  131  13:27  Marine  
  131  13:31  Medivac x2  
  138  13:36  Marine  
  138  13:37  Marauder  
  138  13:38  Marine  
  138  13:40  SCV x2  
  145  13:44  Terran Ship Weapons Level 1, Terran Infantry Armor Level 3, Marine  
  145  13:47  Ghost, Liberator  
  147  13:54  Marine x2  
  145  14:03  Marine x2  
  145  14:04  Marauder  
  145  14:05  Medivac  
  145  14:07  Liberator x2  
  154  14:16  Marauder, Marine x2  
  158  14:18  Refinery  
  158  14:25  Command Center  
  158  14:28  Ghost  
  158  14:29  Marine  
  158  14:31  Marine  
  168  14:33  Marine  
  168  14:37  Liberator  
  168  14:38  Ghost  
  170  14:47  Marauder, Marine x2  
  170  14:51  Marauder, Marine  
  177  14:55  Marine x2  
  182  15:00  Marine  
  182  15:01  Marauder  
  185  15:11  Marine  
  185  15:12  Marauder  
  185  15:14  Marauder, Marine x2  
  190  15:15  Marine x2  
  190  15:19  Marauder  
  180  15:31  Viking x2  
  180  15:32  Marine  
  169  15:48  Marauder, Marine x2  
  162  15:50  Marauder, Marine x2  
  162  15:52  Marine  
  162  15:53  Marauder  
  162  15:54  Marine  
  168  15:59  Marauder  
  158  16:06  Marine, Liberator  
  158  16:10  Marauder, Marine  
  156  16:11  Marauder  
  156  16:12  Marine  
  156  16:17  Marauder  
  159  16:27  Marauder  
  159  16:31  Marauder  
  162  16:35  Widow Mine  
  162  16:46  Marauder, Marine x2  
Show
View Real Time Build Order
Export as new Build Order

PtitDrogo Protoss 

Build Orders: 1 Gate Expand, Oracle Opening 

Get SALT Encoding   

  12  0:00  Probe (Chrono Boost)  
  13  0:11  Probe (Chrono Boost)  
  14  0:18  Pylon  
  14  0:22  Probe (Chrono Boost)  
  15  0:36  Probe (Chrono Boost)  
  15  0:37  Gateway  
  15  0:42  Assimilator  
  16  0:47  Probe (Chrono Boost)  
  17  0:57  Probe (Chrono Boost)  
  18  1:08  Probe (Chrono Boost)  
  19  1:25  Nexus  
  20  1:30  Cybernetics Core  
  20  1:32  Probe (Chrono Boost)  
  20  1:39  Assimilator  
  20  1:43  Probe (Chrono Boost)  
  21  1:48  Pylon  
  22  1:54  Probe (Chrono Boost)  
  22  2:02  Adept  
  22  2:06  Probe (Chrono Boost), Warp Gate  
  25  2:18  Probe (Chrono Boost)  
  26  2:26  Adept  
  26  2:28  Stargate  
  29  2:30  Probe (Chrono Boost)  
  29  2:37  Probe (Chrono Boost)  
  29  2:42  Probe (Chrono Boost)  
  31  2:48  Probe (Chrono Boost)  
  32  2:54  Probe (Chrono Boost)  
  33  2:58  Probe (Chrono Boost)  
  35  3:05  Probe (Chrono Boost)  
  35  3:06  Oracle  
  35  3:09  Probe (Chrono Boost)  
  35  3:12  Pylon  
  39  3:18  Probe (Chrono Boost)  
  39  3:19  Gateway  
  40  3:20  Probe (Chrono Boost)  
  40  3:23  Gateway  
  41  3:31  Mothership Core (Chrono Boost), Probe (Chrono Boost)  
  44  3:37  Pylon  
  44  3:41  Probe (Chrono Boost), Oracle  
  48  3:51  Probe (Chrono Boost)  
  48  3:52  Probe (Chrono Boost)  
  52  4:02  Probe (Chrono Boost)  
  52  4:03  Probe (Chrono Boost)  
  52  4:15  Probe (Chrono Boost), Void Ray  
  53  4:19  Nexus  
  53  4:20  Probe (Chrono Boost)  
  58  4:30  Stalker  
  59  4:36  Probe (Chrono Boost)  
  60  4:46  Probe (Chrono Boost)  
  60  4:48  Assimilator  
  60  4:49  Probe (Chrono Boost)  
  60  4:50  Assimilator  
  60  4:51  Robotics Facility  
  62  4:57  Pylon  
  62  4:58  Pylon  
  62  5:16  Probe (Chrono Boost)  
  62  5:17  Adept, Probe (Chrono Boost), Sentry x2  
  70  5:23  Pylon  
  70  5:26  Probe (Chrono Boost)  
  72  5:29  Probe (Chrono Boost)  
  72  5:33  Twilight Council, Forge  
  72  5:34  Probe (Chrono Boost)  
  73  5:38  Probe (Chrono Boost), Observer  
  73  5:39  Pylon  
  73  5:41  Probe (Chrono Boost)  
  76  5:45  Probe (Chrono Boost)  
  76  5:49  Adept x2, Sentry  
  84  5:50  Probe (Chrono Boost)  
  84  5:53  Probe (Chrono Boost)  
  84  5:55  Probe (Chrono Boost)  
  84  5:56  Blink  
  83  5:58  Protoss Ground Weapons Level 1  
  83  6:02  Probe (Chrono Boost)  
  85  6:06  Probe x2 (Chrono Boost), Gateway  
  85  6:09  Gateway x2  
  86  6:14  Probe (Chrono Boost)  
  86  6:15  Pylon  
  86  6:16  Probe (Chrono Boost)  
  86  6:18  Probe (Chrono Boost)  
  89  6:22  Immortal  
  94  6:26  Probe (Chrono Boost), Pylon  
  94  6:31  Stalker  
  94  6:32  Stalker  
  98  6:33  Adept  
  98  6:35  Probe (Chrono Boost)  
  98  6:36  Probe (Chrono Boost)  
  98  6:38  Probe (Chrono Boost)  
  103  6:40  Assimilator x2  
  103  6:45  Photon Cannon  
  100  6:59  Photon Cannon  
  104  7:01  Immortal  
  104  7:02  Adept  
  104  7:03  Adept x2  
  110  7:14  Pylon  
  108  7:17  Stalker x3  
  114  7:23  Photon Cannon  
  114  7:34  Adept x3  
  122  7:44  Protoss Ground Armor Level 1, Observer  
  122  7:51  Stalker, Resonating Glaives  
  119  7:52  Stalker x2  
  119  7:57  Pylon x2  
  125  8:04  Gateway  
  125  8:05  Gateway  
  125  8:12  Pylon x2  
  123  8:23  Adept x4  
  123  8:24  Adept x2  
  126  8:50  Immortal  
  126  8:54  Stalker x6  
  136  8:58  Gateway  
  136  9:01  Gateway  
  134  9:10  Robotics Bay, Robotics Facility  
  134  9:14  Nexus  
  134  9:18  Pylon  
  134  9:21  Pylon  
  134  9:22  Stalker x5  
  142  9:31  Pylon  
  142  9:34  Adept x3  
  143  9:46  Adept x2  
  143  9:47  Adept x3  
  148  10:03  Stalker x3  
  148  10:04  Probe (Chrono Boost)  
  148  10:06  Colossus  
  155  10:13  Colossus  
  157  10:15  Adept x2  
  156  10:30  Probe (Chrono Boost)  
  156  10:31  Photon Cannon  
  154  10:52  Adept x5, Colossus  
  168  11:06  Colossus  
  168  11:07  Protoss Ground Armor Level 2  
  170  11:16  Stalker  
  170  11:17  Stalker x4  
  180  11:23  Probe x2 (Chrono Boost)  
  180  11:24  Probe x2 (Chrono Boost)  
  174  11:25  Assimilator  
  172  11:34  Templar Archives  
  172  11:36  Sentry x2  
  172  11:37  Stalker x3  
  172  11:39  Dark Shrine  
  180  11:51  Probe (Chrono Boost)  
  180  11:52  Assimilator  
  179  11:58  Stalker x5  
  179  12:00  Adept x3  
  173  12:38  Stalker x3  
  173  12:41  Pylon  
  173  12:42  Pylon  
  125  13:04  Stalker x9  
  125  13:05  Protoss Ground Weapons Level 2  
  118  13:16  Colossus  
  98  13:23  Colossus  
  110  13:31  Sentry x2  
  110  13:34  Adept x7  
  128  13:41  Pylon  
  128  13:46  Mothership Core (Chrono Boost)  
  126  14:03  Colossus  
  126  14:07  Forge  
  126  14:10  Stalker x6  
  126  14:12  Adept, High Templar x2  
  126  14:16  Archon  
  150  14:17  Colossus  
  156  14:30  Pylon  
  156  14:31  Pylon x2  
  156  14:33  Adept x6  
  168  14:44  Adept x2  
  168  14:45  Adept  
  174  15:02  Pylon  
  174  15:06  High Templar x5  
  182  15:07  High Templar  
  182  15:08  Adept x3  
  182  15:11  Archon  
  182  15:12  Archon x2  
  185  15:30  Stalker x3  
  175  15:44  Nexus  
  161  15:51  Adept x4  
  141  16:09  Sentry x2  
  141  16:10  Sentry  
  121  16:15  Adept x5  
  117  16:27  Stalker  
  117  16:36  High Templar x4  
  117  16:37  Stalker  
  127  16:40  Archon x2  
  110  16:55  Adept x4  
Tags
 
Add a new tag
Caveats
  • Supply blocks, unpowered buildings, or Contaminate may cause inaccurate times.
  • Supply counts are checked every 10 seconds.